Map: Central Protocol

Players

MrPörfekt

  • Race: Zerg Zerg
  • League: Master

Miszu - Winner!

  • Race: Terran Terran
  • League: Master

VOD

Have the link to the VOD?

Description

Time

  • Played on: March 15, 2016, 5:47 p.m.
  • Length: 14:16
Show
View Real Time Build Order
Export as new Build Order

MrPörfekt Zerg 

Build Orders: Hatch First, Muta Ling Bane 

Get SALT Encoding   

  12  0:00  Drone  
  13  0:12  Overlord  
  13  0:18  Drone  
  14  0:30  Drone x2  
  14  0:34  Drone  
  17  0:54  Drone, Hatchery  
  17  0:58  Drone  
  18  1:08  Extractor  
  17  1:12  Spawning Pool  
  17  1:15  Drone  
  17  1:18  Drone  
  18  1:27  Drone  
  19  1:38  Overlord  
  19  1:59  Zergling x2  
  19  2:00  Zergling x2, Queen  
  23  2:06  Queen  
  23  2:07  Zergling x2  
  26  2:09  Metabolic Boost  
  26  2:13  Drone  
  27  2:18  Drone  
  27  2:22  Overlord  
  28  2:28  Drone  
  29  2:35  Drone  
  30  2:39  Queen  
  30  2:42  Queen  
  34  2:48  Drone x2  
  34  2:50  Drone  
  37  2:55  Drone  
  38  3:00  Drone  
  38  3:04  Drone  
  40  3:10  Drone  
  40  3:11  Drone x3  
  43  3:25  Overlord  
  43  3:27  Drone  
  43  3:29  Drone, Hatchery  
  44  3:39  Spine Crawler  
  44  3:40  Drone  
  44  3:43  Overlord  
  44  3:45  Drone  
  44  3:46  Drone x2  
  48  3:52  Overlord  
  48  3:54  Extractor, Lair  
  48  3:55  Extractor  
  46  3:56  Drone x4  
  50  4:05  Overlord  
  50  4:06  Drone x2  
  50  4:08  Drone  
  53  4:11  Drone  
  53  4:12  Baneling Nest  
  53  4:21  Zergling x2  
  53  4:22  Drone  
  53  4:23  Spore Crawler, Drone  
  55  4:26  Spore Crawler  
  55  4:28  Extractor, Drone  
  55  4:31  Zergling x4  
  56  4:36  Drone  
  57  4:40  Spine Crawler  
  57  4:42  Drone x2  
  57  4:43  Drone  
  57  4:44  Drone  
  60  4:54  Spire  
  60  4:58  Queen  
  61  5:01  Spore Crawler  
  61  5:02  Drone x5  
  61  5:04  Spore Crawler  
  61  5:06  Drone  
  65  5:07  Drone  
  65  5:10  Drone  
  67  5:16  Overseer  
  67  5:19  Overlord  
  67  5:23  Drone x5  
  67  5:25  Drone x2  
  74  5:31  Drone  
  74  5:32  Drone x4  
  77  5:40  Drone x4  
  77  5:41  Drone  
  77  5:42  Drone  
  78  5:51  Drone x3  
  78  5:52  Drone x2  
  83  5:57  Drone  
  83  6:02  Extractor  
  83  6:03  Extractor, Drone  
  81  6:09  Spine Crawler  
  80  6:13  Overlord, Zerg Flyer Weapons Level 1  
  80  6:14  Centrifical Hooks  
  80  6:15  Evolution Chamber  
  80  6:16  Evolution Chamber  
  78  6:19  Drone x2  
  78  6:20  Overlord x3  
  78  6:21  Mutalisk  
  82  6:28  Overlord x2  
  82  6:31  Mutalisk x2  
  86  6:37  Mutalisk x3  
  92  6:40  Mutalisk  
  92  6:43  Mutalisk  
  92  6:44  Mutalisk  
  97  6:48  Baneling x6  
  97  6:52  Mutalisk  
  99  6:56  Zergling x10  
  104  7:02  Zerg Melee Weapons Level 1  
  104  7:08  Corruptor  
  104  7:12  Zergling x14  
  104  7:15  Overseer  
  113  7:17  Pneumatized Carapace  
  113  7:22  Hatchery  
  112  7:24  Baneling x6  
  112  7:33  Hatchery  
  112  7:35  Zerg Ground Armor Level 1  
  111  7:42  Mutalisk  
  111  7:45  Overlord  
  111  7:55  Mutalisk  
  111  7:56  Spine Crawler, Mutalisk  
  114  8:00  Drone x4  
  114  8:01  Drone x10  
  128  8:07  Zergling x8  
  128  8:08  Overlord  
  128  8:11  Overlord  
  128  8:12  Overlord  
  132  8:19  Zerg Flyer Weapons Level 2  
  132  8:21  Infestation Pit  
  131  8:30  Mutalisk x2  
  131  8:34  Overlord  
  135  8:36  Zergling x2  
  135  8:37  Zergling x14  
  143  8:48  Zergling x10  
  144  8:51  Spine Crawler  
  144  8:52  Extractor x2, Spine Crawler  
  144  8:53  Mutalisk  
  144  8:54  Zergling x2  
  147  8:55  Zergling x2  
  147  8:56  Zergling x4  
  150  9:07  Overseer  
  150  9:08  Overseer  
  150  9:13  Baneling x13  
  150  9:14  Zergling x24, Baneling  
  162  9:17  Hive  
  162  9:19  Zerg Melee Weapons Level 2  
  118  9:49  Zergling x6  
  118  9:50  Zergling x32  
  122  9:54  Zerg Ground Armor Level 2  
  122  9:55  Zergling x2  
  122  9:58  Zergling x2  
  122  9:59  Zergling x4  
  126  10:01  Baneling x3  
  126  10:02  Baneling x3, Mutalisk x3  
  132  10:08  Baneling x4  
  132  10:10  Zergling x2  
  132  10:11  Zergling x2, Queen  
  132  10:12  Queen  
  135  10:18  Baneling x7  
  135  10:19  Baneling  
  135  10:20  Drone x8  
  143  10:22  Zergling x2  
  143  10:34  Zergling x2  
  143  10:35  Zergling x2  
  115  10:37  Zergling x22  
  115  10:40  Zergling x2  
  127  10:44  Zergling x12  
  127  10:48  Queen  
  134  10:50  Zergling x8  
  134  10:51  Mutalisk  
  140  10:59  Ultralisk Cavern  
  140  11:02  Zergling x14  
  146  11:08  Zergling x10  
  146  11:10  Baneling x6  
  145  11:11  Baneling x2  
  145  11:12  Zergling x2  
  146  11:19  Zergling x14  
  146  11:25  Mutalisk x2  
  153  11:27  Zergling x2  
  147  11:41  Zergling x2  
  147  11:42  Zergling x24  
  143  11:48  Ultralisk  
  143  11:50  Chitinous Plating  
  144  11:58  Ultralisk  
  135  12:23  Zergling x2, Ultralisk x2  
  135  12:28  Zergling x2  
  129  12:31  Zergling x12  
  132  12:38  Zergling x2  
  131  12:52  Hatchery  
  118  13:02  Zergling x10  
  102  13:08  Zergling x6  
  78  13:27  Hatchery  
  78  13:32  Zergling x4  
  79  13:37  Zergling x4  
  80  13:45  Zergling x2  
  73  13:52  Zergling x2  
Show
View Real Time Build Order
Export as new Build Order

Miszu Terran - Winner!

Build Orders: Liberator Opening, Reaper Expand, MMM Bio 

Get SALT Encoding   

  12  0:01  SCV  
  13  0:13  SCV  
  14  0:18  Supply Depot  
  14  0:25  SCV  
  15  0:40  SCV  
  15  0:41  Barracks  
  16  0:45  Refinery  
  16  0:52  SCV  
  17  1:04  SCV  
  18  1:17  SCV  
  19  1:29  Orbital Command  
  19  1:31  Reaper  
  20  1:41  Command Center  
  20  1:52  Supply Depot  
  20  1:54  SCV  
  20  1:57  Refinery  
  21  2:06  SCV  
  21  2:07  Barracks Reactor  
  22  2:18  SCV  
  23  2:25  Factory  
  23  2:30  SCV  
  24  2:43  SCV  
  25  2:45  Marine x2  
  27  2:53  Orbital Command  
  27  2:55  SCV  
  28  3:03  Marine x2  
  30  3:07  SCV  
  31  3:17  Starport, Factory Tech Lab  
  31  3:19  SCV x2  
  33  3:21  Marine x2  
  35  3:28  Bunker  
  35  3:31  SCV  
  35  3:32  SCV  
  37  3:36  Liberator  
  37  3:39  Marine  
  37  3:40  Marine  
  39  3:42  Siege Tank  
  39  3:43  SCV  
  39  3:44  SCV  
  43  3:53  Supply Depot  
  46  4:01  Supply Depot  
  46  4:14  SCV x2  
  46  4:15  Command Center  
  48  4:22  Liberator  
  48  4:24  Siege Tank  
  48  4:26  SCV x2  
  53  4:35  Barracks  
  53  4:36  Barracks  
  53  4:39  SCV x2  
  58  4:46  Supply Depot  
  58  4:51  SCV x2  
  58  4:52  Refinery  
  60  4:53  Refinery  
  60  5:00  Engineering Bay, Marine  
  60  5:01  Engineering Bay  
  60  5:03  SCV  
  62  5:07  Siege Tank, SCV  
  66  5:15  SCV  
  66  5:19  SCV  
  68  5:27  SCV  
  69  5:29  Barracks Tech Lab x2  
  69  5:32  SCV  
  69  5:34  Barracks x2  
  70  5:38  Marine  
  70  5:39  Marine, SCV  
  70  5:41  Orbital Command  
  73  5:43  Terran Infantry Weapons Level 1, Terran Infantry Armor Level 1  
  73  5:44  Starport Reactor, SCV  
  74  5:51  SCV  
  74  5:56  SCV  
  73  5:59  Marine  
  73  6:00  Marine x2, Combat Shields  
  73  6:01  Stimpack  
  73  6:03  SCV  
  74  6:05  Marine  
  74  6:07  Siege Tank  
  74  6:08  SCV  
  74  6:10  Orbital Command  
  79  6:15  SCV  
  79  6:17  Marine  
  81  6:20  Medivac  
  81  6:25  Barracks Reactor, Marine  
  83  6:26  Marine  
  83  6:27  Barracks Reactor  
  85  6:35  Supply Depot  
  85  6:36  Supply Depot  
  85  6:37  Marine x2  
  85  6:38  SCV x3  
  90  6:43  Marine, Missile Turret  
  90  6:45  Bunker  
  91  6:48  Missile Turret  
  91  6:49  Missile Turret  
  91  6:50  SCV x2  
  91  6:52  Armory  
  93  6:56  Medivac, SCV  
  93  6:57  Supply Depot  
  93  6:59  Supply Depot  
  96  7:02  Marine, SCV x2  
  96  7:03  Marine  
  96  7:04  Armory  
  100  7:08  SCV  
  100  7:09  Refinery  
  100  7:10  Refinery  
  100  7:12  Marine, Marauder  
  100  7:13  Marine  
  100  7:14  SCV x2  
  107  7:20  SCV  
  108  7:24  Marine x2, Medivac, Marauder  
  108  7:26  Medivac  
  116  7:30  SCV x2  
  116  7:32  SCV  
  119  7:38  Terran Infantry Armor Level 2  
  119  7:42  SCV x2  
  119  7:43  Marine x2, Marauder  
  123  7:44  SCV  
  123  7:48  Terran Infantry Weapons Level 2  
  123  7:51  Terran Vehicle Weapons Level 1  
  124  7:54  SCV  
  125  8:02  Marine x2  
  125  8:13  Supply Depot  
  125  8:14  Supply Depot, Medivac, Thor  
  125  8:17  Supply Depot  
  125  8:18  Supply Depot  
  133  8:21  Marine x8  
  141  8:39  Marine x6  
  141  8:41  Barracks Reactor  
  147  8:43  Missile Turret  
  147  8:44  Medivac, Missile Turret  
  147  8:48  Missile Turret  
  149  8:51  Supply Depot  
  149  8:52  Supply Depot  
  149  8:53  Supply Depot  
  149  8:54  Missile Turret  
  149  8:56  Marine x4  
  149  8:57  Marauder x2  
  154  9:10  Siege Tank  
  154  9:13  Medivac  
  154  9:14  Marine x2  
  161  9:18  Marauder  
  163  9:24  Marine  
  163  9:25  Marine x3, Marauder  
  163  9:30  Command Center  
  169  9:32  Marine x2, Barracks x2  
  169  9:35  Barracks  
  140  9:42  Marine, Marauder  
  140  9:43  Marine x2  
  131  9:46  Marauder  
  127  9:53  Reaper  
  127  9:54  Medivac x2  
  127  9:56  Terran Infantry Armor Level 3  
  134  10:03  Barracks  
  134  10:04  Marine  
  134  10:05  Barracks  
  133  10:13  Siege Tank  
  138  10:14  Marine x4, Marauder x2  
  144  10:22  Terran Infantry Weapons Level 3, Marine  
  144  10:24  Medivac x2  
  144  10:25  Marine  
  134  10:38  Marine, Marauder  
  134  10:39  Marine  
  134  10:40  Marine x3, Marauder  
  143  10:43  Marine  
  144  10:51  Thor  
  144  10:55  Marine  
  151  10:57  Marine  
  151  10:58  Marine x3  
  151  10:59  Marauder  
  151  11:01  Marine x2  
  159  11:13  Marine  
  159  11:14  Barracks Reactor x2  
  159  11:15  Barracks Reactor, Marine x4  
  164  11:18  Marine  
  164  11:19  Marauder  
  164  11:21  Marauder  
  164  11:23  Medivac  
  171  11:31  Marine  
  172  11:33  Marine x4  
  172  11:38  Marine  
  167  11:40  Marauder  
  167  11:42  Marauder  
  167  11:45  Missile Turret  
  158  11:49  Marine  
  158  11:50  Marine  
  158  11:52  Marine  
  158  11:53  Marine x2  
  163  11:54  Marine  
  163  11:55  Marine  
  163  11:56  Marine x2  
  163  12:00  Marine  
  168  12:02  Marauder  
  168  12:04  Marauder  
  168  12:05  Marine  
  168  12:07  Marine  
  174  12:08  Marine  
  174  12:10  Marine  
  176  12:18  SCV  
  176  12:23  Marauder, Planetary Fortress  
  176  12:25  Marauder  
  176  12:26  Marine x2  
  152  12:35  Marine  
  152  12:36  Marine x8  
  157  12:44  Marauder  
  157  12:46  Marauder  
  157  12:49  Marine  
  157  12:50  Marine x2  
  163  12:51  Medivac  
  163  12:53  Marine x6  
  163  12:55  Concussive Shells  
  168  13:06  Marine, Marauder  
  168  13:08  Marauder  
  168  13:09  Medivac, Thor  
  179  13:21  Medivac  
  179  13:24  Barracks  
  179  13:25  Ghost Academy  
  181  13:27  Marauder  
  181  13:29  Marine, Marauder  
  186  13:47  Marine  
  186  13:48  Marine  
  186  13:49  Marauder  
  186  13:50  Marauder  
  197  13:56  Marine  
  196  14:07  Command Center  
Tags
 
Add a new tag
Caveats
  • Supply blocks, unpowered buildings, or Contaminate may cause inaccurate times.
  • Supply counts are checked every 10 seconds.